AoeStats
← rubeolay

Arena

508081638Analyzed
2v2 RM · 10d ago on Sep 20, 2026· 45m 10s· 4 players
Game mode
Random Map
Map size
Medium (4 player)
Population
200
Speed
Normal
Resources
Standard
Victory
Conquest
Starting age
Dark Age
Ending age
Imperial Age
RankedLock teamsTeams togetherTeam positionsShared explorationLock speedFull tech treeHidden civsTurbo modeCheats
Victory
Defeat
🇺🇸 Muisca · United States
1021
+14
🇨🇱 Bohemians · Chile
1018
+14
🇩🇪 Portuguese · Germany
1018
-16
🇪🇸 Goths · Spain
936
-12
puto amo
2:42 Loom
11:38 Feudal Age
17:21 Castle Age
16:09 Double-Bit Axe
17:39 Horse Collar
18:59 Pikeman
31:15 Imperial Age
29:17 Ballistics
30:14 Wheelbarrow
29:37 Gold Mining
29:37 Stone Mining
29:59 Forging
31:00 Bow Saw
31:05 Elite Skirmisher
32:46 Hand Cart
33:34 Two-Man Saw
32:37 Heavy Plow
33:17 Iron Casting
32:43 Scale Mail Armor
34:14 Conscription
35:09 Squires
35:24 Halberdier
37:22 Onager
yoyo_berlin
9:51 Feudal Age
13:31 Castle Age
11:40 Double-Bit Axe
13:57 Loom
14:54 Wheelbarrow
20:24 Sanctity
20:22 Redemption
21:36 Sanctity
24:06 Pikeman
28:56 Horse Collar
31:35 Padded Archer Armor
31:25 Fletching
32:56 Heavy Plow
34:34 Bow Saw
34:46 Hand Cart
rubeolay
11:38 Feudal Age
19:04 Castle Age
16:42 Champi Runner
17:19 Horse Collar
17:50 Double-Bit Axe
22:26 Gold Mining
22:38 Stone Mining
23:46 Squires
23:08 Champi Warrior
25:21 Forging
29:36 Wheelbarrow
28:51 Town Watch
32:32 Fletching
33:38 Treadmill Crane
36:37 Imperial Age
34:28 Bow Saw
34:19 Heavy Plow
37:03 Capped Ram
38:17 Elite Champi Warrior
41:16 Hand Cart
40:50 Loom
41:51 Gold Shaft Mining
41:56 Stone Shaft Mining
44:07 Iron Casting
43:33 Scale Mail Armor
44:38 Conscription
rodrigolbs
10:52 Feudal Age
15:25 Castle Age
14:03 Double-Bit Axe
16:48 Bow Saw
29:36 Imperial Age
27:26 Horse Collar
27:49 Light Cavalry
29:56 Scale Barding Armor
31:38 Chain Barding Armor
33:19 Chemistry
34:57 Wheelbarrow
35:14 Forging
35:17 Heavy Plow
35:28 Elite Hussite Wagon
37:07 Siege Engineers
38:12 Husbandry
39:04 Iron Casting
41:25 Blast Furnace
43:00 Hand Cart
42:33 Loom
Connection lost

Rejoining the realm…

Still unreachable

The connection could not be restored.

Session expired

The server has moved on; the page needs a fresh start.